 Dungeon Crawl Stone Soup version 0.16.1-28-gcc2312f (webtiles) character file.

104 FlaggTheMystic the Poker (level 4, 0/34 HPs)
             Began as a Merfolk Gladiator on June 5, 2015.
             Slain by a sky beast (2 damage)
             ... on level 3 of the Dungeon.
             The game lasted 00:12:29 (2928 turns).

FlaggTheMystic the Poker (Merfolk Gladiator)        Turns: 2928, Time: 00:12:30

Health: 0/34       AC:  4    Str: 16    XL:     4   Next: 80%
Magic:  4/4        EV: 14    Int:  7    God:
Gold:   71         SH:  0    Dex: 14    Spells: 0 memorised, 3 levels left

rFire  . . .     SeeInvis .     a - +0 trident
rCold  . . .     Clarity  .     b - +0 leather armour
rNeg   . . .     SustAb   .     (no shield)
rPois  .         Gourm    .     c - +0 helmet
rElec  .         Spirit   .     (no cloak)
rCorr  .         Warding  .     (no gloves)
rMut   .         Stasis   .     (no boots)
MR     .....                    (no amulet)
Stlth  +.........               (no ring)
                                (no ring)

@: starving, not resistant to hostile enchantments, very unstealthy
A: change form in water, swift swim
a: no special abilities


You were on level 3 of the Dungeon.
You were starving.

You visited 1 branch of the dungeon, and saw 3 of its levels.

You collected 71 gold pieces.

Inventory:

Hand weapons
 a - a +0 trident (weapon)
 h - a +0 dagger of flaming (quivered)
 l - a +0 whip of flaming
Missiles
 f - 2 throwing nets
 j - 45 stones
Armour
 b - a +0 leather armour (worn)
 c - a +0 helmet (worn)
 e - a +0 ring mail
Magical devices
 d - a wand of magic darts (15)
Scrolls
 m - a scroll of enchant armour {unknown}
 n - 2 scrolls of identify
 o - a scroll of noise {unknown}
Potions
 g - a potion of curing {unknown}
 i - 2 potions of poison {unknown}
 k - 2 potions of flight {unknown}
 p - a potion of haste {unknown}
 q - a potion of agility {unknown}


   Skills:
 + Level 2.9 Fighting
 + Level 5.4 Polearms
 + Level 2.4 Throwing
 + Level 1.0 Armour
 + Level 4.9 Dodging
 + Level 0.5 Stealth


You had 3 spell levels left.
You didn't know any spells.

Dungeon Overview and Level Annotations

Branches:
Dungeon (3/15)

Altars:


Message History

The sky beast closely misses you.
You hit the sky beast.
The sky beast is moderately wounded.
The sky beast barely misses you.
You hit the sky beast but do no damage.
The sky beast is moderately wounded.
The sky beast hits you but does no damage.
You hit the sky beast.
The sky beast is moderately wounded.
The orc hits you with a war axe.
* * * LOW HITPOINT WARNING * * *
The sky beast hits you.
* * * LOW HITPOINT WARNING * * *
The sky beast shocks you.
* * * LOW HITPOINT WARNING * * *
The sky beast closely misses you.
The sky beast flickers out of sight!
Deactivating autopickup; reactivate with Ctrl-A.
Something hits you.
You die...

.#####.#####.##.##.# #.# #..#
...................###.###.†#
.#####....##.##.##...........
#....##..........####..#
#####..#.#####.###..(# #..#
..........# #.###...####..#
#.#.#.....####.....>.......#
#........{....###..........
#.........o@.........#######
.[#.......###.####.## #
##.......# .. ..# ##......#
##### ##...... #....$#.
#.%..$#. ##... #


You could see an orc.

Vanquished Creatures
  A jelly (D:3)
  Jessica (D:2)
  2 adders
  2 worms (D:3)
  3 ball pythons
  7 giant cockroaches
  2 goblins
  10 hobgoblins
  14 jackals
  A quokka (D:2)
  5 bats
  4 giant newts
  12 kobolds
  7 rats
71 creatures vanquished.

Notes
Turn   | Place    | Note
--------------------------------------------------------------
     0 | D:1      | FlaggTheMystic, the Merfolk Gladiator, began the quest for the Orb.
     0 | D:1      | Reached XP level 1. HP: 16/16 MP: 1/1
   358 | D:1      | Reached XP level 2. HP: 21/23 MP: 2/2
  1011 | D:2      | Reached XP level 3. HP: 28/28 MP: 3/3
  1374 | D:2      | Noticed Jessica
  1380 | D:2      | Reached skill level 5 in Polearms
  1386 | D:2      | Killed Jessica
  1386 | D:2      | Reached skill level 1 in Armour
  1386 | D:2      | Reached XP level 4. HP: 14/34 MP: 4/4
  2326 | D:3      | HP: 1/34 [adder[the player character] (1)]
  2910 | D:3      | Noticed a sky beast
  2928 | D:3      | Slain by a sky beast

Action                   |  1- 3 |  4- 6 || total
-------------------------+-------+-------++-------
Melee: Trident           |   127 |   131 ||   258
       Dagger            |       |     3 ||     3
Throw: Throwing net      |    14 |     5 ||    19
       Stone             |     5 |     2 ||     7
  Use: Scroll            |     2 |       ||     2
 Stab: Held in net/web   |     3 |     1 ||     4
  Eat: Bread ration      |     1 |       ||     1
